Description

Classics GSL tempest rush. Was played on Cyber forest game 4 of the finals. Zealot make and cancel was done by classic to fool the scout i believe. so it is optional

VOD

https://www.youtube.com/watch?v=lcfoy9WEoXY

Build Order

Get SALT Encoding   

  12  0:00  Probe  
  13  0:12  Probe  
  14  0:18  Pylon  
  14  0:24  Probe  
  15  0:36  Gateway  
  15  0:38  Probe (Chrono Boost)  
  16  0:46  Probe  
  17  0:48  Assimilator  
  17  0:54  Probe  
  18  0:56  Assimilator  
  18  1:04  Probe  
  19  1:05  Pylon  edge of base
  19  1:16  Probe  
  20  1:24  Cybernetics Core  
  20  1:28  Probe  
  21  1:30  Zealot  Cancel when cyb core is done
  23  1:40  Probe  
  22  1:52  Probe  
  23  1:59  Adept (Chrono Boost)  
  25  2:01  Warp Gate  
  25  2:06  Probe  
  26  2:19  Adept, Pylon  
  28  2:29  Stargate  
  28  2:35  Probe  
  29  2:46  Nexus  
  29  2:48  Probe  
  30  2:50  Adept  
  32  2:58  Pylon  
  32  3:00  Probe  
  33  3:16  Fleet Beacon  
  33  3:20  Probe  
  34  3:29  Gateway  
  34  3:32  Probe  
  35  3:44  Probe  
  36  3:56  Probe x2  
  38  4:00  Tempest (Chrono Boost)  
  43  4:05  Pylon  forward
  43  4:08  Probe x2  
  45  4:20  Gateway  
  45  4:28  Probe x2  
  47  4:30  Tempest (Chrono Boost)  
  52  4:40  Probe x2  
  54  4:50  Gateway  forward
  54  4:55  Probe, Assimilator  
  55  4:56  Probe  
  56  5:00  Tempest (Chrono Boost)  move out
  61  5:08  Probe x2  
  63  5:10  Shield Battery  forward. Begin agression
Spawning Tool Build Advisor. Get it on Overwolf

Go to:

Details

  • Created by: bemidge
  • Published on: Apr 15, 2019
  • Modified on: Apr 15, 2019
  • Patch: 4.7.1
Show
View Real Time Build Order
Export as new Build Order

Comments (0)

There are no comments. Be the first!

Create an account to comment!